 Dungeon Crawl Stone Soup version 0.27-a0-679-g77a6b55cf3 (webtiles) character file.

Game seed: 9982383285357492213

3019 pokeman the Thaumaturge (level 9, -11/50 HPs)
             Began as a Deep Elf Hedge Wizard on Mar 18, 2021.
             Engulfed by a cloud of flame (15 damage)
             ... on level 8 of the Dungeon.
             The game lasted 00:25:06 (9201 turns).

pokeman the Thaumaturge (Deep Elf Hedge Wizard)     Turns: 9201, Time: 00:25:07

Health: -11/50     AC:  9    Str:  7    XL:     9   Next: 55%
Magic:  25/35      EV: 13    Int: 29    God:
Gold:   297        SH:  0    Dex: 14    Spells: 20/31 levels left

rFire    . . .     SeeInvis .   b - staff of conjuration
rCold    . . .     Faith    .   (no shield)
rNeg     . . .     Spirit   .   E - +0 steam dragon scales
rPois    .         Reflect  .   c - +0 hat
rElec    .         Harm     .   (no cloak)
rCorr    .         Rampage  .   h - +2 pair of gloves
Will     .....                  n - +0 pair of boots
Stlth    +.........             (no amulet)
HPRegen  0.16/turn              f - ring of magical power
MPRegen  0.24/turn              i - +6 ring of intelligence

@: confused
A: no striking features
a: no special abilities


You were on level 8 of the Dungeon.
You visited 2 branches of the dungeon, and saw 9 of its levels.
You also visited: Sewer.

You collected 310 gold pieces.
You spent 13 gold pieces at shops.

Inventory:

Hand Weapons
 e - a +0 hand crossbow
 G - the +9 lajatang of Fragile Peace {speed, SInv}
   (You found it on level 7 of the Dungeon)

   Attacks with this weapon are significantly faster.
   It lets you see invisible.
Missiles
 t - 77 bolts
Armour
 c - a +0 hat (worn)
 h - a +2 pair of gloves (worn)
 n - a +0 pair of boots (worn)
 E - +0 steam dragon scales (worn)
Magical Staves
 b - a staff of conjuration (weapon)
 B - a staff of fire
Jewellery
 d - a ring of flight
 f - a ring of magical power (right hand)
 i - a +6 ring of intelligence (left hand)
 q - a ring of poison resistance
 s - a ring of protection from cold
 H - a +6 ring of strength
Scrolls
 g - 5 scrolls of identify {unknown}
 j - a scroll of enchant armour {unknown}
 k - 2 scrolls of enchant weapon {unknown}
 l - 2 scrolls of amnesia {unknown}
 o - a scroll of fog {unknown}
 r - 3 scrolls of noise {unknown}
 v - 2 scrolls of vulnerability {unknown}
 w - a scroll of magic mapping {unknown}
 x - a scroll of holy word {unknown}
 y - a scroll of blinking {unknown}
 C - 2 scrolls of silence {unknown}
 F - a scroll of torment {unknown}
Potions
 a - 4 potions of curing
 m - 3 potions of flight {unknown}
 p - 2 potions of berserk rage {unknown}
 u - 2 potions of attraction {unknown}
 z - a potion of haste {unknown}
 A - 2 potions of lignification {unknown}
 D - a potion of cancellation {unknown}


   Skills:
 + Level 3.1 Fighting
 - Level 3.0 Armour
 - Level 3.0 Dodging
 - Level 3.0 Stealth
 * Level 11.6 Spellcasting
 + Level 6.4 Conjurations
 - Level 1.1 Summonings
 - Level 1.1 Translocations
 + Level 5.5 Fire Magic
 - Level 1.0 Air Magic
 - Level 1.0 Poison Magic
 + Level 2.0 Evocations


You had 20 spell levels left.
You knew the following spells:

 Your Spells              Type           Power      Damage    Failure   Level
a - Magic Dart            Conj           100%       1d8       1%          1
b - Mephitic Cloud        Conj/Pois/Air  49%        N/A       3%          3
c - Call Imp              Summ           23%        N/A       3%          2
d - Blink                 Tloc           N/A        N/A       3%          2
e - Conjure Flame         Conj/Fire      67%        6-21      1%          3

Your spell library contained the following spells:

 Spells                   Type           Power      Damage    Failure   Level
 Dazzling Flash           Conj/Hex       100%       N/A       2%          3
 Corona                   Hex            17%        N/A       3%          1
 Ensorcelled Hibernation  Hex/Ice        32%        N/A       4%          2
 Slow                     Hex            16%        N/A       4%          2
 Confusing Touch          Hex            16%        N/A       10%         3
 Tukima's Dance           Hex            16%        N/A       10%         3


Dungeon Overview and Level Annotations

Branches:
Dungeon (8/15)             Temple (1/1) D:4           Sewer (visited)
   Lair: D:8-11

Altars:
Ashenzari
Cheibriados
Dithmenos
Fedhas
Gozag
Hepliaklqana
Kikubaaqudgha
Makhleb
Nemelex Xobeh
Qazlal
Ru
Sif Muna
Trog
Wu Jian
Xom
Yredelemnul
Zin
The Shining One

Shops:
D:6 *

Portals:
Ossuary: D:8


Message History

A white ugly thing comes into view.
Found 9 stones.
Found a stone staircase leading down.
Casting: Magic Dart (safe; 1% risk of failure)
Confirm with . or Enter, or press ? or * to list all spells.
You feel a surge of power!
The fire begins to smolder!
The white ugly thing gurgles horribly!
The rat zombie barely misses you.
Unknown command.
Casting: Conjure Flame (safe; 1% risk of failure)
Confirm with . or Enter, or press ? or * to list all spells.
You blink.
Casting: Blink (safe; 3% risk of failure)
Confirm with . or Enter, or press ? or * to list all spells.
You feel a surge of power!
The fire begins to smolder!
The white ugly thing bites you but does no damage.
The fire ignites!
Casting: Conjure Flame (safe; 1% risk of failure)
Confirm with . or Enter, or press ? or * to list all spells.
Aiming: Mephitic Cloud (dangerous; 3% risk of failure)
Press: ? - help, Shift-Dir - straight line, f - white ugly thing
Aim: a white ugly thing (chance to affect: 43%)
You feel a surge of power! That beam is likely to hit you.
Continue anyway?
The ball explodes into a vile cloud!
The stinking cloud engulfs the white ugly thing but does no damage.
The stinking cloud engulfs you but does no damage.
The stinking cloud engulfs the human zombie but does no damage.
You are engulfed in noxious fumes.
You choke on the stench!
You are confused.
The white ugly thing is engulfed in noxious fumes.
The white ugly thing appears confused.
The white ugly thing bites you! The white ugly thing freezes you!!
Unknown command.
Unknown command.
You are engulfed in blazing flames.
* * * LOW HITPOINT WARNING * * *
The human zombie misses you.
The white ugly thing is engulfed in noxious fumes.
You're too confused to move!
You are engulfed in blazing flames.
You die...

######### #.......#
#.#####.#
##########.# #.#
#..@Z....#.# #.#
#.§ZFZZZ.#.# #.#
#..☼○......#####.#
#.○u○.∩[....#..<.###
#...........#.##....
#.......?...#.......
####........#######.
#........# #.....
#.....#..# #.#..†


You could see a white ugly thing (confused), a bullfrog, a rat zombie, a worm
zombie, a kobold zombie and 2 human zombies.

Vanquished Creatures
  Maggie (D:6)
  Grinder (D:6)
  Duvessa (D:4)
  A black bear (D:6)
  4 ice beasts
  An orc warrior (D:7)
  2 sky beasts
  An ogre (D:5)
  2 phantoms (D:6)
  A kobold brigand (D:7)
  2 bullfrogs
  Dowan (D:4)
  A scorpion (D:4)
  An electric eel (D:6)
  2 howler monkeys
  A centaur zombie (D:7)
  A centaur skeleton (D:5)
  A jelly (D:6)
  7 hounds
  5 orc priests
  2 iguanas
  Natasha (thrice) (D:4)
  7 orc wizards
  2 worker ants
  2 hound skeletons (D:4)
  A howler monkey skeleton (D:7)
  A worker ant zombie (D:6)
  8 gnolls
  11 adders
  A river rat (D:5)
  A shadow imp (D:5)
  A white imp (D:6)
  2 ufetubi
  2 oozes
  3 adder skeletons
  3 worms
  2 dart slugs (D:1)
  11 leopard geckos
  25 orcs
  14 giant cockroaches
  12 goblins
  4 hobgoblins
  8 quokkas
  3 ball pythons
  A ball python skeleton (D:4)
  8 bats
  12 frilled lizards
  8 kobolds
  A leopard gecko skeleton (D:5)
  A leopard gecko zombie (D:5)
  10 rats
207 creatures vanquished.

Vanquished Creatures (collateral kills)
  An orc (D:5)
1 creature vanquished.

Grand Total: 208 creatures vanquished

Notes
Turn   | Place    | Note
-------+----------+-------------------------------------------
     0 | D:1      | pokeman the Deep Elf Hedge Wizard began the quest for the
                  | Orb.
     0 | D:1      | Reached XP level 1. HP: 10/10 MP: 7/7
   245 | D:1      | Reached XP level 2. HP: 16/16 MP: 7/9
  1190 | D:1      | Reached skill level 5 in Spellcasting
  1291 | D:2      | Reached XP level 3. HP: 20/20 MP: 11/11
  1300 | D:2      | Learned a level 3 spell: Mephitic Cloud
  1303 | D:2      | Learned a level 2 spell: Call Imp
  1306 | D:2      | Learned a level 2 spell: Blink
  1308 | D:2      | Reached skill level 1 in Fighting
  1308 | D:2      | Reached skill level 1 in Armour
  1320 | D:2      | Learned a level 3 spell: Conjure Flame
  1515 | D:2      | Reached XP level 4. HP: 25/25 MP: 13/13
  2085 | D:3      | Reached skill level 6 in Spellcasting
  2085 | D:3      | Reached skill level 1 in Fire Magic
  2085 | D:3      | Reached XP level 5. HP: 18/29 MP: 6/15
  2748 | D:3      | Reached skill level 1 in Air Magic
  3329 | D:4      | Noticed Dowan
  3330 | D:4      | Noticed Duvessa
  3340 | D:4      | Killed Dowan
  3341 | D:4      | Reached skill level 1 in Poison Magic
  3341 | D:4      | Reached XP level 6. HP: 26/34 MP: 17/17
  3363 | D:4      | Killed Duvessa
  3364 | D:4      | Reached skill level 7 in Spellcasting
  3364 | D:4      | Reached skill level 1 in Evocations
  3369 | D:4      | HP: 1/34 [scorpion (6)]
  3848 | D:4      | Reached XP level 7. HP: 38/38 MP: 20/20
  4092 | D:4      | Found a staircase to the Ecumenical Temple.
  4100 | Temple   | Entered the Ecumenical Temple
  4648 | D:4      | Noticed Natasha
  4656 | D:4      | Killed Natasha
  4681 | D:4      | Noticed Natasha
  4689 | D:4      | Killed Natasha
  4690 | D:4      | Reached skill level 8 in Spellcasting
  4758 | D:4      | Noticed Natasha
  4764 | D:4      | Killed Natasha
  4838 | D:5      | Entered Level 5 of the Dungeon
  4892 | D:5      | Found a hazy altar of Hepliaklqana.
  5254 | D:5      | Found a glowing drain.
  5296 | Sewer    | Entered a sewer
  6111 | D:5      | Reached XP level 8. HP: 35/44 MP: 19/22
  6431 | D:5      | Reached skill level 9 in Spellcasting
  6827 | D:6      | Found Cetete's General Store.
  6840 | D:6      | Bought a potion of degeneration for 13 gold pieces
  6862 | D:6      | Noticed Maggie
  6887 | D:6      | Killed Maggie
  6888 | D:6      | Reached skill level 10 in Spellcasting
  6888 | D:6      | Reached skill level 5 in Conjurations
  7097 | D:6      | Noticed Grinder
  7165 | D:6      | Paralysed by Grinder for 2 turns
  7403 | D:6      | Reached XP level 9. HP: 48/48 MP: 25/25
  7648 | D:6      | Paralysed by Grinder for 7 turns
  7672 | D:6      | Killed Grinder
  7979 | D:6      | Reached skill level 11 in Spellcasting
  7979 | D:6      | Reached skill level 5 in Fire Magic
  8510 | D:7      | Identified the +9 lajatang of Fragile Peace {speed, SInv}
  9193 | D:8      | Found a sand-covered staircase.
  9194 | D:8      | Noticed a white ugly thing
  9201 | D:8      | Engulfed by a cloud of flame

Illustrated notes

Levels and vault maps discovered:
D:1:      psy_arrival_statuary, layout_basic
D:2:      layout_rooms
D:3:      layout_basic
D:4:      layout_rooms, minmay_temple_entry_glassed_door, uniq_duvessa,
          uniq_natasha
D:5:      layout_loops_ring, basic_altar, portal_sewer_entry_e
D:6:      layout_rooms, serial_shops, shop_fountains, kennysheep_minor_cross,
          uniq_maggie, uniq_grinder
D:7:      layout_cave_pools, glass_columns_c, minmay_misc_feat_columns,
          minmay_checkerbox
D:8:      layout_basic, enter_ossuary_3, serial_glass, glass_columns_a,
          glass_columns_c, glass_columns_b, glass_columns_b, feat_on_display,
          feat_on_display, uniq_erica
Temple:   dpeg_five_rooms_temple

Skill      XL: |  1  2  3  4  5  6  7  8  9 |
---------------+----------------------------+-----
Spellcasting   | 5 6 7 8 10 11 | 11.6
Fighting       | 1 2 3 |  3.1
Armour         | 1 3 |  3.0
Conjurations   | 2 3 4 5 6 |  6.4
Dodging        | 3 |  3.0
Fire Magic     | 1 3 4 5 |  5.5
Air Magic      | 1 |  1.0
Stealth        | 3 |  3.0
Poison Magic   | 1 |  1.0
Evocations     | 1 2 |  2.0
Summonings     | |  1.1
Translocations | |  1.1

Action                   |  1- 3 |  4- 6 |  7- 9 || total
-------------------------+-------+-------+-------++-------
Melee: Dagger            |     1 |       |       ||     1
       Staff             |       |     9 |    30 ||    39
 Cast: Magic Dart        |    61 |   161 |   387 ||   609
       Mephitic Cloud    |       |     8 |    20 ||    28
       Conjure Flame     |       |     5 |    17 ||    22
       Call Imp          |       |     2 |     9 ||    11
       Blink             |       |       |     5 ||     5
 Stab: Confused          |       |     1 |       ||     1
Armor: Leather armour    |     2 |     9 |     8 ||    19
       Steam dragon scal |       |       |    16 ||    16
Dodge: Dodged            |     3 |    32 |    58 ||    93

Table legend: (Time is in decaauts)
 A = Elapsed time spent in this place.
 B = Non-inter-level travel time spent in this place.
 C = Inter-level travel time spent in this place.
 D = Time resting spent in this place.
 E = Time spent auto-exploring this place.
 F = Levels seen in this place.
 G = Mean time per level.
                   A        B        C        D        E       F      G
               +--------+--------+--------+--------+--------+-----+--------+
         Total |   9298 |   9046 |    252 |    575 |   6856 |  10 |  929.8 |
       Dungeon |   8234 |   8012 |    222 |    567 |   5913 |   8 | 1029.2 |
        Temple |    295 |    265 |     30 |      0 |    261 |   1 |  295.0 |
         Sewer |    768 |    768 |      0 |      8 |    682 |   1 |  768.0 |
               +--------+--------+--------+--------+--------+-----+--------+

Top non-repeatable levels by time:
     D:3: 1444 daAuts
     D:5: 1340 daAuts
     D:1: 1283 daAuts
     D:6: 1250 daAuts
     D:4: 1097 daAuts
     D:7: 1046 daAuts
   Sewer: 768 daAuts
     D:2: 726 daAuts
  Temple: 295 daAuts
     D:8: 44 daAuts
